AoeStats
← Super.Adz

Black Forest

504330893Analyzed
4v4 RM · 27d ago on Sep 4, 2026· 51m 48s· 8 players
Game mode
Random Map
Map size
Large (8 player)
Population
200
Speed
Normal
Resources
Standard
Victory
Conquest
Starting age
Dark Age
Ending age
Imperial Age
RankedLock teamsTeams togetherTeam positionsShared explorationLock speedFull tech treeHidden civsTurbo modeCheats
Victory
Defeat
🇨🇿 Persians · Czechia
855
+11
🇬🇷 Britons · Greece
847
+11
🇺🇸 Romans · United States
821
+12
🇪🇸 Saracens · Spain
821
+12
🇵🇰 Turks · Pakistan
792
-14
🇬🇧 Khmer · United Kingdom
723
-11
🇬🇧 Bulgarians · United Kingdom
720
-11
🇬🇧 Franks · United Kingdom
698
-10
THEO9268
18:11 Feudal Age
19:45 Wheelbarrow
18:52 Horse Collar
19:18 Gold Mining
19:36 Double-Bit Axe
26:21 Castle Age
27:27 Hand Cart
27:35 Bow Saw
29:26 Heavy Plow
29:31 Caravan
29:34 Fletching
29:45 Padded Archer Armor
31:19 Yeomen
31:45 Bodkin Arrow
32:06 Leather Archer Armor
32:49 Stone Mining
33:37 Gold Shaft Mining
34:25 Ballistics
33:46 Treadmill Crane
34:16 Fortified Wall
37:43 Imperial Age
37:31 Murder Holes
38:40 Guilds
40:09 Chemistry
39:17 Bracer
39:48 Ring Archer Armor
40:00 Conscription
40:14 Warwolf
40:50 Elite Longbowman
42:52 Siege Engineers
aitorpevi
0:26 Loom
13:47 Feudal Age
20:02 Castle Age
18:43 Double-Bit Axe
18:51 Gold Mining
18:48 Horse Collar
22:00 Wheelbarrow
23:55 Heavy Plow
27:13 Hand Cart
26:44 Town Watch
30:02 Bloodlines
29:52 Husbandry
30:11 Forging
30:07 Scale Barding Armor
30:08 Fletching
33:02 Imperial Age
30:32 Town Patrol
33:09 Caravan
34:32 Stone Mining
35:02 Bow Saw
35:12 Bow Saw
36:57 Gold Shaft Mining
35:48 Heavy Camel Rider
37:52 Siege Engineers
38:08 Ballistics
38:49 Chemistry
37:46 Murder Holes
38:02 Fortified Wall
40:28 Counterweights
40:41 Onager
42:45 Chain Barding Armor
43:02 Iron Casting
42:23 Bodkin Arrow
jakubpekar
0:41 Loom
14:13 Feudal Age
15:24 Double-Bit Axe
16:48 Horse Collar
21:22 Castle Age
20:09 Gold Mining
20:17 Stone Mining
23:29 Heavy Plow
23:43 Bow Saw
25:23 Wheelbarrow
25:25 Forging
25:27 Scale Barding Armor
26:43 Hand Cart
30:19 Stone Shaft Mining
35:11 Imperial Age
33:29 Caravan
34:36 Iron Casting
34:22 Chain Barding Armor
33:53 Fletching
34:06 Padded Archer Armor
35:13 Gold Shaft Mining
35:55 Conscription
36:29 Crop Rotation
37:04 Two-Man Saw
37:27 Plate Barding Armor
37:24 Kamandaran
38:56 Blast Furnace
39:12 Elite War Elephant
41:41 Bodkin Arrow
42:02 Leather Archer Armor
42:01 Citadels
41:24 Sappers
42:33 Hoardings
46:12 Guilds
46:34 Coinage
48:29 Ring Archer Armor
48:00 Scale Mail Armor
Hydarnis
0:32 Loom
14:42 Feudal Age
21:40 Castle Age
20:59 Double-Bit Axe
21:55 Wheelbarrow
22:05 Man-at-Arms
23:06 Long Swordsman
25:10 Horse Collar
27:28 Bow Saw
27:35 Heavy Plow
29:54 Forging
35:20 Imperial Age
36:25 Capped Ram
37:41 Hand Cart
38:24 Crop Rotation
39:31 Heavy Scorpion
40:37 Squires
41:52 Ballistics
42:36 Siege Ram
44:57 Legionary
48:30 Pikeman
50:26 Iron Casting
49:51 Scale Mail Armor
Omeireles
1:14 Loom
18:26 Feudal Age
21:53 Double-Bit Axe
21:53 Horse Collar
30:39 Castle Age
31:44 Wheelbarrow
30:54 Town Watch
31:34 Bow Saw
31:27 Heavy Plow
33:34 Fletching
33:58 Forging
33:48 Scale Mail Armor
34:03 Bloodlines
37:06 Pikeman
38:47 Bodkin Arrow
40:13 Hand Cart
39:58 Town Patrol
41:58 Caravan
43:11 Elite Skirmisher
47:29 Imperial Age
46:20 Murder Holes
49:15 Onager
billyraza786
1:12 Loom
12:13 Feudal Age
13:06 Horse Collar
13:14 Double-Bit Axe
18:47 Castle Age
19:39 Heavy Plow
19:55 Bow Saw
21:10 Wheelbarrow
20:52 Gold Mining
21:57 Stone Mining
24:39 Hand Cart
29:28 Caravan
32:39 Imperial Age
30:48 Fletching
31:09 Forging
31:00 Padded Archer Armor
31:47 Gold Shaft Mining
33:05 Elite Janissary
35:31 Artillery
37:57 Two-Man Saw
37:17 Artillery
39:35 Bodkin Arrow
40:18 Iron Casting
39:59 Leather Archer Armor
39:54 Scale Barding Armor
41:11 Bloodlines
iakhan
1:03 Loom
16:55 Feudal Age
21:48 Double-Bit Axe
21:46 Horse Collar
27:26 Castle Age
26:37 Bloodlines
29:25 Bow Saw
30:24 Heavy Plow
36:12 Imperial Age
35:00 Pikeman
38:48 Chemistry
37:57 Murder Holes
40:03 Conscription
39:57 Arson
40:10 Heavy Scorpion
40:59 Husbandry
44:13 Halberdier
Super.Adz
21:55 Feudal Age
22:30 Double-Bit Axe
24:32 Gold Mining
29:12 Wheelbarrow
31:34 Castle Age
29:08 Man-at-Arms
29:53 Stone Mining
31:52 Forging
31:43 Scale Mail Armor
31:52 Scale Barding Armor
32:57 Hand Cart
32:34 Gambesons
32:50 Squires
33:15 Bow Saw
33:16 Pikeman
33:17 Long Swordsman
35:38 Husbandry
39:14 Murder Holes
40:28 Caravan
41:13 #83
45:14 Imperial Age
Connection lost

Rejoining the realm…

Still unreachable

The connection could not be restored.

Session expired

The server has moved on; the page needs a fresh start.